 Dungeon Crawl Stone Soup version 0.31-a0-1388-g4b2ba238e7 (webtiles) character file.

Game seed: 13438194176711003258

43359 jlumianski the Grappler (level 14, -19/109 HPs)
             Began as a Gnoll Shapeshifter on Dec 24, 2023.
             Was an Elder of Wu Jian.
             Demolished by an orc knight
             ... wielding a +0 great sword
              (35 damage)
             ... on level 2 of the Orcish Mines on Dec 25, 2023.
             The game lasted 01:27:42 (13952 turns).

jlumianski the Grappler (Gnoll Shapeshifter)       Turns: 13952, Time: 01:27:43

Health: -19/109    AC: 16    Str: 18    XL:     14   Next: 23%
Magic:  27/27      EV: 18    Int: 10    God:    Wu Jian [****..]
Gold:   1894       SH:  0    Dex: 10    Spells: 25/31 levels left

rFire   . . .        G - +3 lajatang (flame)
rCold   . . .        (shield currently unavailable)
rNeg    + . .        p - +8 scale mail of Atheism {rN+ Slay+4}
rPois   +            (helmet currently unavailable)
rElec   .            (cloak currently unavailable)
rCorr   .            (gloves currently unavailable)
SInv    .            (boots currently unavailable)
Will    ++...        R - amulet of regeneration
Stlth   +++          n - +5 ring of evasion
HPRegen 1.18/turn    M - ring of poison resistance
MPRegen 0.20/turn

%: no passive effects
@: beast-form, invisible
A: beast (slay +4), fangs 1, strong nose, distributed training, clumsy 1,
strong-willed 1
a: Begin Untransformation, Renounce Religion, Wall Jump, Serpent's Lash


You were on level 2 of the Orcish Mines.
You worshipped Wu Jian.
Wu Jian was greatly pleased with you.
You were a hulking beast.
You visited 4 branches of the dungeon, and saw 20 of its levels.
You also visited: Ossuary.

You collected 2444 gold pieces.
You spent 550 gold pieces at shops.

Inventory:

Hand Weapons
 G - a +3 lajatang of flaming (weapon)
 N - a +2 longbow of flaming
Missiles
 o - 48 poisoned darts
 y - 15 javelins
 E - a throwing net
 H - 7 datura-tipped darts
 L - 7 boomerangs (quivered)
Armour
 p - the +8 scale mail of Atheism (worn) {rN+ Slay+4}
   (You found it on level 3 of the Dungeon)

   Slay+4:    It affects your accuracy & damage with ranged weapons and melee
   (+4).
   rN+:       It protects you from negative energy.
Jewellery
 a - an amulet of reflection
 d - a ring of willpower
 n - a +5 ring of evasion (left hand)
 r - a ring of resist corrosion
 C - a +5 ring of evasion
 M - a ring of poison resistance (right hand)
 R - an amulet of regeneration (around neck)
 U - a ring of see invisible
Talismans
 c - a beast talisman
Wands
 g - a wand of iceblast (6)
 k - a wand of polymorph (3)
 D - a wand of digging (3)
 J - a wand of acid (14)
 S - a wand of mindburst (25)
Scrolls
 i - 2 scrolls of teleportation
 l - 3 scrolls of fog
 u - 2 scrolls of vulnerability {unknown}
 x - a scroll of poison
 A - a scroll of silence {unknown}
 F - a scroll of butterflies
 W - a scroll of revelation {unknown}
Potions
 b - 4 potions of lignification
 h - 4 potions of attraction
 m - a potion of berserk rage
 q - 2 potions of heal wounds
 s - 2 potions of invisibility
 w - 7 potions of curing
 z - 4 potions of might
 B - 2 potions of haste
 I - a potion of resistance
 O - a potion of cancellation {unknown}
 Z - a potion of magic {unknown}


   Skills:
 + Level 9.8 Fighting
 + Level 9.4 Short Blades
 + Level 9.4 Long Blades
 + Level 9.4 Axes
 + Level 9.4 Maces & Flails
 + Level 9.4 Polearms
 + Level 9.4 Staves
 + Level 9.4 Ranged Weapons
 + Level 9.4 Throwing
 + Level 9.4 Armour
 + Level 10.4 Dodging
 + Level 9.4 Stealth
 + Level 9.4 Shields
 + Level 11.4 Unarmed Combat
 + Level 9.4 Spellcasting
 + Level 7.8 Conjurations
 + Level 7.8 Hexes
 + Level 7.8 Summonings
 + Level 7.8 Necromancy
 + Level 7.8 Translocations
 + Level 7.8 Fire Magic
 + Level 7.8 Ice Magic
 + Level 7.8 Air Magic
 + Level 7.8 Earth Magic
 + Level 7.8 Alchemy
 + Level 10.2 Invocations
 + Level 9.4 Evocations
 + Level 10.8 Shapeshifting


You had 25 spell levels left.
You knew the following spells:

 Your Spells              Type           Power      Damage    Failure   Level
a - Confusing Touch       Hex            20%        N/A       4%          3
b - Frozen Ramparts       Ice            40%        1d7       4%          3

Your spell library contained the following spells:

 Spells                   Type           Power      Damage    Failure   Level
 Freeze                   Ice            80%        1d9       1%          1
 Kiss of Death            Conj/Necr      80%        2d11      1%          1
 Shock                    Conj/Air       80%        1d8       1%          1
 Jinxbite                 Hex            40%        N/A       2%          2
 Sublimation of Blood     Necr           20%        N/A       2%          2
 Swiftness                Air            20%        N/A       4%          3
 Airstrike                Air            10%        2d(2-18)  16%         4
 Animate Dead             Necr           20%        N/A       16%         4
 Dispel Undead            Necr           20%        3d11      16%         4
 Ignite Poison            Fire/Alch      20%        N/A       16%         4
 Leda's Liquefaction      Alch/Erth      10%        N/A       16%         4
 Olgreb's Toxic Radiance  Alch           20%        N/A       16%         4
 Petrify                  Alch/Erth      20%        N/A       16%         4
 Sticky Flame             Fire/Alch      20%        2d6       16%         4
 Vhi's Electric Charge    Tloc/Air       40%        N/A       16%         4
 Arcjolt                  Conj/Air       10%        1d20      38%         5
 Borgnjor's Vile Clutch   Necr/Erth      10%        N/A       38%         5
 Irradiate                Conj/Alch      10%        3d15      38%         5
 Metabolic Englaciation   Hex/Ice        10%        N/A       38%         5
 Yara's Violent Unravell  Hex/Alch       10%        3d6       38%         5
 Death Channel            Necr           10%        N/A       93%         6
 Plasma Beam              Fire/Air       10%        2x1d21    93%         6
 Enfeeble                 Hex            10%        N/A       100%        7
 Ignition                 Fire           10%        3d5       100%        8


Dungeon Overview and Level Annotations

Branches:
Dungeon (15/15)            Temple (1/1) D:6            Lair (2/5) D:8
 Spider (0/4) Lair:2          Orc (2/2) D:10         Vaults (0/5) D:13
Ossuary (visited)
  Swamp: Lair:2-3    Shoals: Lair:2-3       Elf: Orc:2       Depths: D:15

Altars:
Ashenzari
Cheibriados
Dithmenos
Elyvilon
Fedhas
Gozag
Hepliaklqana
Kikubaaqudgha
Makhleb
Nemelex Xobeh
Okawaru
Qazlal
Ru
Sif Muna
Trog
Uskayaw
Vehumet
Wu Jian
Xom
Yredelemnul
Zin
The Shining One

Shops:
D:1 [(=   D:3 :   D:9 *

Portals:
Trove: D:12 (give 17 scrolls of teleportation)

Annotations:
D:4 3 runed translucent doors, MisterAzrael's ghost, amateur OpSh
D:15 3 runed translucent doors, Archuejo's ghost, journeyman MiCj
Orc:2 Saint Roka


Innate Abilities, Weirdness & Mutations

You are a hulking beast.
Your limbs bulge with bestial killing power. (Slay +4)
You have very sharp teeth.
Your uncanny sense of smell can sniff out nearby items.
Your experience applies equally to all skills.
You are clumsy. (Dex -2)
You are strong-willed. (Will+)


Message History

You hear two shouts!
You hear a shout! x2
Okay, then.
Unknown command.
Unknown command.
You feel much better. The warg bites you but does no damage.
The kobold blastminer hits you but does no damage.
The orc warrior hits you from afar with a +0 trident.
An orc wizard comes into view. It is wielding a +0 dagger.
The orc knight hits you with a +0 great sword!
Saint Roka calls down the wrath of Beogh upon you.
Beogh smites you!
* * * LOW HITPOINT WARNING * * *
The warg bites you.
* * * LOW HITPOINT WARNING * * *
The orc warrior hits you with a +0 scimitar!
* * * LOW HITPOINT WARNING * * *
You feel much better.
The kobold blastminer barely misses you.
The warg closely misses you.
The orc warrior hits you but does no damage.
The orc wizard casts a spell.
The orc wizard flickers and vanishes!
Deactivating autopickup; reactivate with Ctrl-A.
The orc knight barely misses you.
Saint Roka invokes the aid of Beogh against you.
Beogh smites you!
* * * LOW HITPOINT WARNING * * *
The orc warrior closely misses you.
Press: ? - help, v - describe, . - travel The floor.
You fade into invisibility!
The warg bites you!
* * * LOW HITPOINT WARNING * * *
The kobold blastminer completely misses you.
The orc warrior barely misses you. x2; The warg bites you but does no damage.
Saint Roka roars a battlecry!
The orc warrior goes into a battle-frenzy!
The orc warrior barely misses you.
The orc knight hits you with a +0 great sword!!
You die...

#......$....#
#.........#.##
#............#
##.........#.##
##.....#.......#
#..............##
.#####...o.........##
...8.oho.o........#.##
....oTKh#............#
......o.........<....#
.................$#.##
..o8...........#.## #
.#####......#.####
......#### #......#
##......


You could see Saint Roka (strong, unable to see you), an orc knight (strong,
unable to see you), a kobold blastminer (unable to see you), a troll (unable to
see you), a warg and 5 orc warriors.

Vanquished Creatures
  Nessos (D:13)
  Erolcha (D:9)
  A hydra (D:13)
  An ogre mage (D:14)
  A vault guard (D:13)
  4 centaur warriors
  3 boulder beetles
  3 tengu warriors
  11 two-headed ogres
  Urug (D:10)
  Nergalle (Lair:1)
  A skeletal warrior (D:12)
  3 deep elf pyromancers
  4 manticores
  12 ugly things (D:13)
  A kobold blastminer (Orc:2)
  4 cyclopes
  A black mamba (Lair:1)
  Joseph (D:8)
  An unseen horror (D:13)
  2 gargoyles (D:12)
  A cane toad (Lair:1)
  Psyche (D:8)
  A rime drake (shapeshifter) (D:15)
  An efreet (D:14)
  2 komodo dragons
  A tengu conjurer (D:15)
  A meliai (D:13)
  5 trolls
  A polar bear (shapeshifter) (D:14)
  2 hornets
  2 slime creatures (D:13)
  Sigmund (D:2)
  2 wyverns
  A shadow (D:11)
  A wraith (D:13)
  10 yaks
  3 steam dragons
  Eustachio (D:5)
  15 vampire mosquitoes
  2 acid dragons
  2 water moccasins
  3 ice beasts
  2 black bears
  A meliai simulacrum (D:14)
  7 orc warriors
  3 ogres
  14 centaurs
  A phantom (D:4)
  An elf zombie (Ossuary)
  Blork the orc (D:4)
  3 kobold brigands
  8 bullfrogs
  A gnoll sergeant (D:7)
  4 scorpions
  13 wights
  11 killer bees
  A howler monkey (D:5)
  4 centaur zombies (Ossuary)
  5 human zombies (Ossuary)
  12 orc priests
  4 hounds
  4 sleepcaps
  Crazy Yiuf (D:7)
  Natasha (thrice) (D:2)
  3 iguanas (D:5)
  10 orc wizards
  A crocodile zombie (Ossuary)
  3 mummies (Ossuary)
  17 gnolls
  14 adders
  2 white imps
  2 ufetubi
  A worm (D:4)
  56 orcs
  2 endoplasms
  6 giant cockroaches
  13 goblins
  5 hobgoblins
  8 jackals
  5 quokkas
  3 ball pythons
  4 bats
  10 kobolds
  4 rats
390 creatures vanquished.

Vanquished Creatures (others)
  A centaur (D:11)
  An orc (D:9)
2 creatures vanquished.

Grand Total: 392 creatures vanquished

Notes
Turn   | Place    | Note
-------+----------+-------------------------------------------
     0 | D:1      | jlumianski the Gnoll Shapeshifter began the quest for the
                  | Orb.
     0 | D:1      | Reached XP level 1. HP: 17/17 MP: 1/1
   176 | D:1      | Found Geuvewn's Jewellery Emporium.
   243 | D:1      | Found Evinelyl's Weapon Boutique.
   248 | D:1      | Reached XP level 2. HP: 23/23 MP: 2/2
   336 | D:1      | Found Kug Vupyte's Armour Shop.
   425 | D:1      | Reached XP level 3. HP: 20/28 MP: 2/4
   472 | D:2      | Reached skill level 1 in Invocations
   631 | D:1      | Reached skill level 1 in Short Blades
   631 | D:1      | Reached skill level 1 in Long Blades
   631 | D:1      | Reached skill level 1 in Axes
   631 | D:1      | Reached skill level 1 in Maces & Flails
   631 | D:1      | Reached skill level 1 in Polearms
   631 | D:1      | Reached skill level 1 in Staves
   631 | D:1      | Reached skill level 1 in Ranged Weapons
   631 | D:1      | Reached skill level 1 in Throwing
   631 | D:1      | Reached skill level 1 in Armour
   631 | D:1      | Reached skill level 1 in Stealth
   631 | D:1      | Reached skill level 1 in Shields
   631 | D:1      | Reached skill level 1 in Spellcasting
   631 | D:1      | Reached skill level 1 in Evocations
   709 | D:1      | Reached XP level 4. HP: 34/34 MP: 5/5
   865 | D:3      | Identified the +8 scale mail of Atheism {rN+ Slay+4}
   902 | D:2      | Noticed Natasha
   905 | D:2      | Killed Natasha
   906 | D:2      | Reached skill level 1 in Conjurations
   906 | D:2      | Reached skill level 1 in Hexes
   906 | D:2      | Reached skill level 1 in Summonings
   906 | D:2      | Reached skill level 1 in Necromancy
   906 | D:2      | Reached skill level 1 in Translocations
   906 | D:2      | Reached skill level 1 in Fire Magic
   906 | D:2      | Reached skill level 1 in Ice Magic
   906 | D:2      | Reached skill level 1 in Air Magic
   906 | D:2      | Reached skill level 1 in Earth Magic
   906 | D:2      | Reached skill level 1 in Alchemy
  1006 | D:2      | Noticed Sigmund
  1010 | D:2      | Killed Sigmund
  1011 | D:2      | Reached skill level 5 in Dodging
  1011 | D:2      | Reached XP level 5. HP: 41/41 MP: 5/7
  1011 | D:2      | Reached XP level 6. HP: 47/47 MP: 5/8
  1191 | D:2      | Noticed Natasha
  1196 | D:2      | Killed Natasha
  1209 | D:2      | Noticed Natasha
  1226 | D:2      | Killed Natasha
  1866 | D:4      | Reached skill level 7 in Unarmed Combat
  1866 | D:4      | Reached XP level 7. HP: 49/52 MP: 10/10
  2174 | D:3      | Found Koymexuh's Book Emporium.
  2398 | D:5      | Entered Level 5 of the Dungeon
  2458 | D:4      | Noticed Blork the orc
  2467 | D:4      | Killed Blork the orc
  2682 | D:4      | Found a runed translucent gate.
  2682 | D:4      | Found a runed translucent gate.
  2682 | D:4      | Noticed MisterAzrael's ghost (amateur OpSh)
  2684 | D:4      | Found a runed translucent gate.
  2686 | D:4      | Identified the +12 chain mail "Lyrehuj" {rC- Will+ Int+2
                  | Dex+5}
  2686 | D:4      | Identified the +3 spear of the Walnut {drain, rC++ rN+ MP-9
                  | Int+2}
  3210 | D:6      | Reached XP level 8. HP: 60/60 MP: 12/12
  3784 | D:6      | Noticed Eustachio
  3804 | D:5      | Killed Eustachio
  3805 | D:5      | Reached XP level 9. HP: 60/67 MP: 13/15
  3857 | D:5      | Reached skill level 5 in Fighting
  4483 | D:7      | Found a sand-covered staircase.
  4488 | Ossuary  | Entered an ossuary
  4532 | Ossuary  | Gained mutation: You are occasionally teleported next to
                  | monsters. [potion of mutation]
  4532 | Ossuary  | Gained mutation: You are clumsy. (Dex -2) [potion of
                  | mutation]
  4532 | Ossuary  | Gained mutation: Your flesh is cold resistant. (rC+)
                  | [potion of mutation]
  4532 | Ossuary  | Gained mutation: You are robust. (+10% HP) [potion of
                  | mutation]
  4533 | Ossuary  | Lost mutation: You are robust. (+10% HP) [potion of
                  | mutation]
  4533 | Ossuary  | Lost mutation: You are occasionally teleported next to
                  | monsters. [potion of mutation]
  4533 | Ossuary  | Lost mutation: Your flesh is cold resistant. (rC+) [potion
                  | of mutation]
  4533 | Ossuary  | Gained mutation: You are strong-willed. (Will+) [potion of
                  | mutation]
  4583 | Ossuary  | Reached skill level 8 in Unarmed Combat
  4665 | Ossuary  | Reached skill level 5 in Invocations
  5046 | D:6      | Found a staircase to the Ecumenical Temple.
  5072 | Temple   | Entered the Ecumenical Temple
  5130 | Temple   | Became a worshipper of the Wu Jian Council
  5447 | D:7      | Reached skill level 5 in Short Blades
  5447 | D:7      | Reached skill level 5 in Long Blades
  5447 | D:7      | Reached skill level 5 in Axes
  5447 | D:7      | Reached skill level 5 in Maces & Flails
  5447 | D:7      | Reached skill level 5 in Polearms
  5447 | D:7      | Reached skill level 5 in Staves
  5447 | D:7      | Reached skill level 5 in Ranged Weapons
  5447 | D:7      | Reached skill level 5 in Throwing
  5447 | D:7      | Reached skill level 5 in Armour
  5447 | D:7      | Reached skill level 5 in Stealth
  5447 | D:7      | Reached skill level 5 in Shields
  5447 | D:7      | Reached skill level 5 in Spellcasting
  5447 | D:7      | Reached skill level 5 in Evocations
  5447 | D:7      | Reached XP level 10. HP: 57/76 MP: 17/17
  6122 | D:7      | Found a runed translucent door.
  6123 | D:7      | Noticed Crazy Yiuf
  6134 | D:7      | Killed Crazy Yiuf
  6395 | D:6      | Identified a scroll of acquirement
  6443 | D:6      | Acquired 798 gold pieces
  6566 | D:1      | Bought a ring of poison resistance for 220 gold pieces
  6566 | D:1      | Bought an amulet of regeneration for 330 gold pieces
  6785 | D:9      | Noticed Psyche
  6809 | D:8      | Killed Psyche
  6871 | D:9      | Noticed Erolcha
  6882 | D:9      | Killed Erolcha
  7051 | D:8      | Found a staircase to the Lair.
  7101 | D:8      | Noticed Joseph
  7115 | D:8      | Killed Joseph
  7115 | D:8      | Reached * piety under Wu Jian
  7229 | D:8      | Reached skill level 9 in Unarmed Combat
  7280 | D:8      | Acquired the +2 pair of slick slippers {slick, slippery,
                  | EV+4}
  7280 | D:8      | Found the +2 pair of slick slippers {slick, slippery, EV+4}
  7334 | D:8      | Reached skill level 5 in Conjurations
  7334 | D:8      | Reached skill level 5 in Hexes
  7334 | D:8      | Reached skill level 5 in Summonings
  7334 | D:8      | Reached skill level 5 in Necromancy
  7334 | D:8      | Reached skill level 5 in Translocations
  7334 | D:8      | Reached skill level 5 in Fire Magic
  7334 | D:8      | Reached skill level 5 in Ice Magic
  7334 | D:8      | Reached skill level 5 in Air Magic
  7334 | D:8      | Reached skill level 5 in Earth Magic
  7334 | D:8      | Reached skill level 5 in Alchemy
  7470 | D:9      | Reached XP level 11. HP: 79/83 MP: 20/20
  7677 | D:10     | Entered Level 10 of the Dungeon
  7678 | D:10     | Found a staircase to the Orcish Mines.
  7756 | D:9      | Found Nootol's Neck Hole.
  7829 | D:9      | Reached ** piety under Wu Jian
  8625 | D:10     | Found a shimmering altar of Xom.
  8908 | D:10     | Noticed Urug
  8920 | D:10     | Killed Urug
  8929 | D:10     | Noticed a two-headed ogre
  8933 | D:10     | Killed a two-headed ogre
  9084 | D:10     | Acquired 571 gold pieces
  9381 | D:10     | Found a glowing golden altar of the Shining One.
  9519 | D:11     | Noticed a two-headed ogre
  9542 | D:11     | Killed a two-headed ogre
  9547 | D:11     | Noticed a manticore
  9571 | D:11     | Noticed a centaur warrior
  9575 | D:11     | Killed a centaur warrior
  9580 | D:11     | Killed a manticore
  9585 | D:11     | Reached XP level 12. HP: 37/91 MP: 22/22
  9892 | D:11     | Noticed a two-headed ogre
  9896 | D:11     | Killed a two-headed ogre
 10319 | D:11     | Found a hazy altar of Hepliaklqana.
 10482 | D:12     | You fall into a shaft and drop 1 floor!
 10482 | D:13     | Found a sparkling altar of Nemelex Xobeh.
 10498 | D:13     | Noticed a centaur warrior
 10505 | D:13     | Killed a centaur warrior
 10506 | D:13     | Reached skill level 10 in Unarmed Combat
 10550 | D:13     | Noticed a boulder beetle
 10558 | D:13     | Killed a boulder beetle
 10558 | D:13     | Reached *** piety under Wu Jian
 10582 | D:13     | Noticed a boulder beetle
 10591 | D:13     | Killed a boulder beetle
 10598 | D:13     | Noticed Nessos
 10606 | D:13     | Killed Nessos
 10649 | D:13     | Noticed a centaur warrior
 10708 | D:12     | Noticed a two-headed ogre
 10710 | D:12     | Noticed a two-headed ogre
 10717 | D:12     | Killed a two-headed ogre
 10718 | D:12     | Killed a two-headed ogre
 10879 | D:12     | Found a portal to a secret trove of treasure.
 10899 | D:12     | Noticed a boulder beetle
 10924 | D:12     | Killed a boulder beetle
 11104 | D:13     | Noticed a four-headed hydra
 11182 | D:12     | Reached skill level 10 in Shapeshifting
 11182 | D:12     | Reached XP level 13. HP: 77/99 MP: 25/25
 11248 | D:12     | Got Qosyapp's Reference Book on Virous Ice
 11253 | D:12     | Learned a level 3 spell: Confusing Touch
 11257 | D:12     | Learned a level 3 spell: Frozen Ramparts
 11544 | D:13     | Found a gate to the Vaults.
 11544 | D:13     | Noticed a vault guard
 11969 | D:13     | Killed a vault guard
 12102 | D:15     | Entered Level 15 of the Dungeon
 12277 | D:13     | Reached **** piety under Wu Jian
 12552 | D:13     | Reached skill level 10 in Dodging
 12552 | D:13     | Reached skill level 11 in Unarmed Combat
 12925 | D:15     | Found a runed translucent gate.
 12926 | D:15     | Found a runed translucent gate.
 12926 | D:15     | Found a runed translucent gate.
 12929 | D:15     | Noticed Archuejo's ghost (journeyman MiCj)
 12975 | D:15     | Paralysed by something for 5 turns
 13080 | D:15     | Reached skill level 10 in Invocations
 13080 | D:15     | Reached XP level 14. HP: 88/108 MP: 27/27
 13492 | Lair:1   | Entered Level 1 of the Lair of Beasts
 13492 | Lair:1   | Noticed Nergalle
 13507 | Lair:1   | Killed Nergalle
 13552 | Lair:2   | Found a hole to the Spider Nest.
 13690 | Orc:1    | Entered Level 1 of the Orcish Mines
 13827 | Orc:2    | Entered Level 2 of the Orcish Mines
 13945 | Orc:2    | Noticed Saint Roka
 13952 | Orc:2    | Demolished by an orc knight

Illustrated notes

Levels and vault maps discovered:
D:1:      eino_arrival_cavern_a, layout_rooms, serial_shops, shop, shop, shop,
          minmay_tromino_v7
D:2:      layout_basic, dk_noncrumbling_3, minivault_14, minmay_misc_feat_roman,
          uniq_natasha, uniq_sigmund
D:3:      layout_loops_ring, serial_shops, nicolae_shop_window_shopping,
          fountainhead, corner_web_ring
D:4:      layout_loops_ring, biasface_ghost_orc_armoury,
          minmay_misc_feat_diagonals, chequers_avenue, uniq_blork_the_orc
D:5:      layout_basic, minmay_fractal_squares_gapless_5
D:6:      layout_rooms, minmay_temple_entry_junction, minmay_misc_feat_iff,
          nicolae_eternal_life, uniq_eustachio
D:7:      layout_basic, enter_ossuary_5, uniq_crazy_yiuf_cottage
D:8:      layout_gridville, grunt_lair_entry_orc_guard_hut,
          kennysheep_generic_room_8, uniq_joseph
D:9:      layout_basic, nicolae_shop_sticking_my_neck_out, uniq_psyche,
          uniq_erolcha
D:10:     layout_loops_corners, amcnicky_altar_gilded,
          nicolae_tso_swordbearing_angel, david_orc_3, special_room
          [special_room_orc], minmay_circle_x, uniq_urug
D:11:     layout_irregular_city, worldfamousw_hep_ancestral_shrine
D:12:     layout_irregular_city, enter_trove_1, kennysheep_generic_room_3
D:13:     layout_rooms, david_vaults_5, serial_aquarium,
          aquarium_bridge_straight [aquarium_subvault_bridge,
          aquarium_subvault_wall, aquarium_subvault_bridge,
          aquarium_subvault_wall], aquarium_window_2, aquarium_window_2,
          aquarium_window_2, aquarium_window_2, aquarium_view_2a,
          aquarium_pool_side, nemelex_spade_bored_becter, uniq_nessos
D:14:     layout_gridville, minivault_23
D:15:     gammafunk_enter_depths_forms, layout_loops_ring,
          gammafunk_ghost_necromancy, serial_park_square1
          [serial_park_minivault_5x5_7], serial_aquarium,
          aquarium_bridge_straight [aquarium_subvault_bridge,
          aquarium_subvault_balcony, aquarium_subvault_bridge,
          aquarium_subvault_window], aquarium_bridge_square
          [aquarium_subvault_wall, aquarium_subvault_wall,
          aquarium_subvault_bridge, aquarium_subvault_balcony],
          aquarium_window_1, aquarium_window_corner, aquarium_window_fake,
          aquarium_window_fake, aquarium_view_2c, aquarium_balcony_1a
Temple:   nicolae_temple_slightly_damp_pantheon
Lair:1:   layout_big_grid, uniq_nergalle
Lair:2:   layout_gridlike, spider_nest_entry_rubble, beast_lair_carwin_4
Orc:1:    layout_diamond_mine
Orc:2:    grunt_orc_cross, layout_caves, uniq_azrael

Skill      XL: |  1  2  3  4  5  6  7  8  9 10 11 12 13 |
---------------+----------------------------------------+-----
Invocations    | 1 2 3 4 5 6 7 8 10 | 10.2
Short Blades   | 1 2 3 4 5 6 7 8 9 |  9.4
Long Blades    | 1 2 3 4 5 6 7 8 9 |  9.4
Axes           | 1 2 3 4 5 6 7 8 9 |  9.4
Maces & Flails | 1 2 3 4 5 6 7 8 9 |  9.4
Polearms       | 1 2 3 4 5 6 7 8 9 |  9.4
Staves         | 1 2 3 4 5 6 7 8 9 |  9.4
Ranged Weapons | 1 2 3 4 5 6 7 8 9 |  9.4
Throwing       | 1 2 3 4 5 6 7 8 9 |  9.4
Armour         | 1 2 3 4 5 6 7 8 9 |  9.4
Stealth        | 1 2 3 4 5 6 7 8 9 |  9.4
Shields        | 1 2 3 4 5 6 7 8 9 |  9.4
Spellcasting   | 1 2 3 4 5 6 7 8 9 |  9.4
Evocations     | 1 2 3 4 5 6 7 8 9 |  9.4
Conjurations   | 1 2 3 4 5 6 7 |  7.8
Hexes          | 1 2 3 4 5 6 7 |  7.8
Summonings     | 1 2 3 4 5 6 7 |  7.8
Necromancy     | 1 2 3 4 5 6 7 |  7.8
Translocations | 1 2 3 4 5 6 7 |  7.8
Fire Magic     | 1 2 3 4 5 6 7 |  7.8
Ice Magic      | 1 2 3 4 5 6 7 |  7.8
Air Magic      | 1 2 3 4 5 6 7 |  7.8
Earth Magic    | 1 2 3 4 5 6 7 |  7.8
Alchemy        | 1 2 3 4 5 6 7 |  7.8
Fighting       | 3 4 5 6 7 8 9 |  9.8
Dodging        | 5 6 7 8 9 10 | 10.4
Unarmed Combat | 7 8 9 10 11 | 11.4
Shapeshifting  | 7 8 9 10 | 10.8

Action                     |  1- 3 |  4- 6 |  7- 9 | 10-12 | 13-15 || total
---------------------------+-------+-------+-------+-------+-------++-------
  Melee: Unarmed           |    67 |    70 |   314 |     9 |       ||   460
         Bite              |     3 |     6 |    49 |    53 |    32 ||   143
         Punch             |     2 |     2 |    25 |       |       ||    29
         Lajatang          |       |       |       |   400 |   282 ||   682
  Throw: Dart              |       |       |     2 |    13 |       ||    15
         Boomerang         |       |       |       |     5 |     1 ||     6
   Cast: Frozen Ramparts   |       |       |       |       |     3 ||     3
Ability: Lunge             |       |       |     4 |    35 |    26 ||    65
         Whirlwind         |       |       |       |    38 |    29 ||    67
         Wall Jump         |       |       |       |    43 |    36 ||    79
  Evoke: Wand              |       |       |       |     4 |     1 ||     5
    Use: Scroll            |       |     4 |     9 |    11 |     1 ||    25
         Potion            |       |       |     8 |     2 |     3 ||    13
   Stab: Sleeping          |       |       |     1 |     2 |     4 ||     7
         Distracted        |       |       |       |       |     1 ||     1
 Armour: Leather armour    |     6 |       |       |       |       ||     6
         Ring mail         |    46 |     2 |       |       |       ||    48
         Scale mail        |       |    11 |   130 |   228 |   171 ||   540
  Dodge: Dodged            |    56 |    51 |   350 |   400 |   307 ||  1164

Table legend: (Time is in decaauts)
 A = Elapsed time spent in this place.
 B = Non-inter-level travel time spent in this place.
 C = Inter-level travel time spent in this place.
 D = Time resting spent in this place.
 E = Time spent auto-exploring this place.
 F = Levels seen in this place.
 G = Mean time per level.
                   A        B        C        D        E       F      G
               +--------+--------+--------+--------+--------+-----+--------+
         Total |  14030 |  13238 |    792 |    834 |   6690 |  21 |  668.1 |
       Dungeon |  13378 |  12601 |    777 |    783 |   6650 |  15 |  891.9 |
        Temple |     96 |     96 |      0 |      0 |      0 |   1 |   96.0 |
          Lair |    100 |     87 |     13 |      0 |      0 |   2 |   50.0 |
  Orcish Mines |    268 |    268 |      0 |     51 |     30 |   2 |  134.0 |
       Ossuary |    187 |    187 |      0 |      0 |     10 |   1 |  187.0 |
               +--------+--------+--------+--------+--------+-----+--------+

Top non-repeatable levels by time:
     D:4: 1254 daAuts
    D:10: 1248 daAuts
     D:7: 1189 daAuts
    D:13: 1070 daAuts
    D:12: 979 daAuts
     D:5: 969 daAuts
     D:9: 954 daAuts
     D:3: 852 daAuts
     D:6: 835 daAuts
    D:11: 788 daAuts
     D:8: 746 daAuts
     D:1: 697 daAuts
    D:14: 696 daAuts
     D:2: 656 daAuts
    D:15: 440 daAuts
